 Dungeon Crawl Stone Soup version 0.32-a0-571-gec57dfcd37 (webtiles) character file.

Game seed: 5252223014331938542

2356983 backslashecho the Wrestler (level 26, 316/316 HPs)
             Began as a Troll Summoner on Feb 23, 2024.
             Was the Champion of Trog.
             Escaped with the Orb
             ... and 4 runes on Feb 29, 2024!
             The game lasted 04:31:55 (67442 turns).

backslashecho the Wrestler (Troll Summoner)        Turns: 67442, Time: 04:31:55

Health: 316/316    AC: 12    Str: 27    XL:     26   Next: 27%
Magic:  23/23      EV: 43    Int: 10    God:    Trog [******]
Gold:   2517       SH:  0    Dex: 19    Spells: 27/27 levels left

rFire   + +          .
                       - Unarmed
rCold   + + .        (shield currently unavailable)
rNeg    + . .        W - melded +0 robe of the Falcon {rN+ Will+ rCorr}
rPois   ∞            S - melded +2 hat
rElec   +            i - melded +1 cloak {Will+}
rCorr   +            (gloves unavailable)
SInv    .            (boots unavailable)
Will    ++++.        O - amulet "Oloiruz" {rF+ Regen+ Dex+2 Slay+3}
Stlth   +            R - ring of Hilalani {rElec rN+ Stlth+}
HPRegen 2.32/turn    A - ring of Cilitun {rF+ rC++ Will+++ rCorr Stlth-, =R}
MPRegen 0.18/turn

%: no passive effects
@: storm-form, flying, studying Shields
A: cleaving, insubstantial, flying, large, unfitting armour, (claws 3),
regeneration 1, (shaggy fur 1), (tough skin 1), sense surroundings 1, (poison
resistance), robust 1, strong 1
0: Orb of Zot
}: 4/15 runes: barnacled, slimy, silver, gossamer
a: Blinkbolt, Begin Untransformation, Renounce Religion, Berserk, Trog's Hand,
Brothers in Arms


You escaped.
You worshipped Trog.
Trog was exalted by your worship.
You were a lightning-filled tempest!
You visited 11 branches of the dungeon, and saw 53 of its levels.
You visited the Abyss 2 times.
You also visited: Ossuary, Bailey and Gauntlet.

You collected 9024 gold pieces.
You spent 6507 gold pieces at shops.

Inventory:

Missiles
 H - 10 throwing nets
Armour
 i - a +1 cloak of willpower (melded)
 L - the +5 moon troll leather armour {Spirit, Regen++ MP+5}
   (You took it off a deep elf sorcerer on level 3 of the Elven Halls)

   MP+5:      It affects your magic capacity (+5).
   Regen++:   It increases your rate of health regeneration.
 S - a +2 hat (melded)
 W - the +0 robe of the Falcon (melded) {rN+ Will+ rCorr}
   (You found it in a Gauntlet)

   rN+:       It protects you from negative energy.
   Will+:     It increases your willpower.
   rCorr:     It protects you from acid and corrosion.
Jewellery
 s - the ring of Zochi {rF+ rN+ rCorr Int+4 Dex-3}
   (You bought it in a shop on level 2 of the Elven Halls)

   [ring of protection from fire]

   Int+4:     It affects your intelligence (+4).
   Dex-3:     It affects your dexterity (-3).
   rF+:       It protects you from fire.
   rN+:       It protects you from negative energy.
   rCorr:     It protects you from acid and corrosion.
 z - the ring of the Muttering Knives {rPois rF++ Str-2 SInv}
   (You found it on level 1 of the Lair of Beasts)

   [ring of see invisible]

   Str-2:     It affects your strength (-2).
   rF++:      It greatly protects you from fire.
   rPois:     It protects you from poison SInv: It lets you see invisible.
 A - the ring of Cilitun (right fist) {rF+ rC++ Will+++ rCorr Stlth-, =R}
   (You bought it in a shop on level 2 of the Elven Halls)

   [ring of protection from fire]

   rF+:       It protects you from fire.
   rC++:      It greatly protects you from cold.
   Will+++:   It greatly increases your willpower.
   rCorr:     It protects you from acid and corrosion.
   Stlth-:    It makes you less stealthy.
 D - the ring of Lady Luck {+Blink rPois Will+ Stlth+}
   (You acquired it on level 9 of the Dungeon)

   [ring of poison resistance]

   rPois:     It protects you from poison Will+: It increases your willpower.
   +Blink:    It lets you blink.
   Stlth+:    It makes you more stealthy.
 O - the amulet "Oloiruz" (around neck) {rF+ Regen+ Dex+2 Slay+3}
   (You acquired it on level 9 of the Dungeon)

   [amulet of regeneration]

   Dex+2:     It affects your dexterity (+2).
   Slay+3:    It affects your accuracy & damage with ranged weapons and melee
   (+3).
   rF+:       It protects you from fire.
   Regen+:    It increases your rate of health regeneration.
 R - the ring of Hilalani (left fist) {rElec rN+ Stlth+}
   (You bought it in a shop on level 2 of the Orcish Mines)

   [ring of positive energy]

   rElec:     It insulates you from electricity.
   rN+:       It protects you from negative energy.
   Stlth+:    It makes you more stealthy.
Talismans
 k - a storm talisman (active)
 q - a dragon-blood talisman
 t - a talisman of death
Wands
 l - a wand of paralysis (60)
 m - a wand of mindburst (24)
 y - a wand of quicksilver (36)
 C - a wand of flame (78)
 M - a wand of digging (23)
 U - a wand of roots (52)
Scrolls
 e - 7 scrolls of immolation
 f - 3 scrolls of torment
 g - 8 scrolls of vulnerability
 h - 23 scrolls of teleportation
 j - 4 scrolls of butterflies
 p - 5 scrolls of poison
 r - 5 scrolls of revelation
 u - 7 scrolls of fog
 x - 11 scrolls of blinking
 E - 4 scrolls of fear
Potions
 a - 7 potions of cancellation
 b - 4 potions of magic
 o - 10 potions of heal wounds
 v - 14 potions of might
 w - 6 potions of haste
 B - a potion of invisibility
 F - 3 potions of berserk rage
 G - 8 potions of enlightenment
 I - 10 potions of lignification
 J - 15 potions of curing
 K - 10 potions of mutation
 P - 8 potions of ambrosia
 Y - 4 potions of resistance
Miscellaneous
 N - a box of beasts
 T - a phial of floods
 V - a phantom mirror
 X - a lightning rod (4/4)
 Z - a condenser vane


   Skills:
 + Level 21.2 Fighting
 + Level 20.5 Dodging
 - Level 1.0 Stealth
 + Level 24.3 Unarmed Combat
 - Level 1.2 Spellcasting
 - Level 2.9 Summonings
 - Level 9.0 Evocations
 + Level 23.5 Shapeshifting


You had 27 spell levels left.
You didn't know any spells.
Your spell library contained the following spells:

 Spells                   Type           Power      Damage    Failure   Level
 Summon Small Mammal      Summ           24%        N/A       10%         1
 Call Imp                 Summ           12%        N/A       16%         2
 Call Canine Familiar     Summ           6%         N/A       30%         3
 Sting                    Conj/Alch      0%         1d3       34%         1
 Mercury Vapours          Alch/Air       0%         N/A       45%         2
 Summon Blazeheart Golem  Fire/Summ      3%         N/A       88%         4
 Summon Lightning Spire   Summ/Air       3%         N/A       88%         4
 Olgreb's Toxic Radiance  Alch           0%         N/A       98%         4


Dungeon Overview and Level Annotations

Branches:
Dungeon (15/15)            Temple (1/1) D:7            Lair (5/5) D:10
 Shoals (4/4) Lair:2       Spider (4/4) Lair:2        Slime (5/5) Lair:4
    Orc (2/2) D:9             Elf (3/3) Orc:2        Vaults (5/5) D:13
  Crypt (0/3) Vaults:2     Depths (4/4) D:15            Zot (5/5) Depths:4
Ossuary (visited)          Bailey (visited)         Gauntlet (visited)

Altars:
Ashenzari
Cheibriados
Dithmenos
Elyvilon
Fedhas
Gozag
Hepliaklqana
Kikubaaqudgha
Makhleb
Nemelex Xobeh
Okawaru
Qazlal
Ru
Sif Muna
Trog
Uskayaw
Vehumet
Wu Jian
Xom
Yredelemnul
Zin
The Shining One
Beogh
Jiyva
Lugonu

Shops:
D:10 :*   D:13 (:[:   Orc:2 *[(:=   Elf:2 :==?[   Shoals:2 [   Zot:2 *

Portals:
Hell: Depths:1 Depths:2 Depths:3 Depths:4
Abyss: Depths:3
Pandemonium: Depths:2
Ziggurat: Depths:4

Annotations:
D:6 2 transporters
D:10 2 transporters, exclusion: downstairs
D:11 exclusion: 3 doors
Temple 4 transporters
Lair:3 exclusion: oklob plant
Lair:4 1 exclusion
Shoals:4 1 exclusion
Elf:2 3 runed translucent doors, exclusion: door
Depths:2 1 runed translucent door
Depths:4 exclusions: 2 daevas, draconian stormcaller and 5 more exclusions
Zot:3 3 exclusions
Zot:5 3 exclusions


Innate Abilities, Weirdness & Mutations

You are a lightning-filled tempest!
Your electrical attacks strike out in all directions at once.
You are incredibly evasive.
Your insubstantial body is immune to petrification, constriction, and being set on fire You are flying.
Your armour is entirely melded.
You are incapable of wielding weapons or throwing items.
You are too large for most types of armour.
You are immune to poison.
((You have claws for hands.))
Your natural rate of healing is unusually fast.
((You are covered in fur. (AC +1)))
((You have tough skin. (AC +1)))
You passively map a small area around you.
((Your system is resistant to poisons. (rPois)))
You are robust. (+10% HP)
Your muscles are strong. (Str +4, Int/Dex -1)


Message History

You completely miss the Executioner.
The Executioner is heavily wounded.
The Executioner completely misses you. The Executioner closely misses you.
The Executioner hits you. The Executioner misses you.
The Executioner completely misses you. The Executioner barely misses you.
You take 1 damage, and have 314/316 hp.
You miss the Executioner.
The Executioner is heavily wounded.
The Executioner closely misses you. The Executioner completely misses you.
The Executioner misses you.
The Executioner completely misses you. x2
The Executioner misses you.
You blast the Executioner!!!!
You kill the Executioner!
Trog accepts your kill.
Health restored: 316 No target in view!
There is a stone staircase leading up here.
You fly upwards.
There is a stone staircase leading down here.
Things that are here:
a +0 scale mail; a +0 hand axe You see here an adder skeleton.
You see here a ring of magical power.
There is a stone staircase leading up here.
You fly upwards.
There is a stone staircase leading down here.
There is a stone staircase leading up here.
You fly upwards.
There is a stone staircase leading down here.
There is a stone staircase leading up here.
You fly upwards.
There is a stone staircase leading down here.
You see here 2 stones.
Things that are here:
a jackal skeleton; a jackal skeleton An efreet comes into view.
It is wielding a +4 scimitar of flaming.
You completely miss the efreet. Your punch misses the efreet.
You blast the efreet!!!
You kill the efreet!
Trog accepts your kill.
No target in view!
Things that are here:
a jackal skeleton; a jackal skeleton You see here a +0 robe.
Items here: ÷÷÷÷.
There is an escape hatch in the floor here.
Things that are here:
a +0 dagger; a kobold skeleton
There is a staircase leading out of the dungeon here.
You have escaped!

.##..###### #..# #.# .##..#
#.## #.# .##..######## #.#
#.# ............# #.# #.# #
###..######.# #.# #.# #
............# #.# #.# #
##########..# #.# #.# #
#.###########.# #
###....v....### #.........#
#.#.....#.# ####.........#
#####..#.).......############
#.....##.#.....#.#.........).
#.######.........############
#.# #.........#.## # #.#
#.#.....#.#..# #


There were no monsters in sight!

Vanquished Creatures
  the Royal Jelly (Slime:5)
  A dread lich (Vaults:5)
  3 ancient liches (Zot:5)
  5 orbs of fire
  Josephina (Zot:3)
  3 Killer Klowns (Zot:5)
  4 curse toes
  The ghost of Uxisash the Unforgettable, a veteran DrIE of Hepliaklqana (Zot:2)
  Margery (Vaults:4)
  3 caustic shrikes
  14 golden dragons
  Nikola (Spider:2)
  An electric golem (Zot:5)
  A Tzitzimitl (Depths:4)
  A hellephant (Vaults:3)
  19 tentacled monstrosities
  Mlioglotl (Spider:2)
  3 liches
  25 Orb Guardians (Zot:5)
  2 deep elf blademasters (Elf:3)
  4 titans
  Asterion (Spider:4)
  2 deep elf master archers (Elf:3)
  5 quicksilver dragons
  12 acid blobs
  Frances (Spider:2)
  9 death cobs
  A tentacled starspawn (Abyss:3)
  2 Executioners
  7 sphinxes
  6 tengu reavers
  15 storm dragons
  11 shadow dragons
  Ilsuiw (Shoals:2)
  11 azure jellies
  A revenant (Abyss:3)
  Donald (Elf:1)
  6 protean progenitors
  8 rockslimes
  5 draconian monks
  4 deep elf elementalists
  4 draconian knights
  10 fire giants
  3 frost giants
  9 deep elf sorcerers
  Louise (Spider:1)
  6 draconian shifters
  3 draconian scorchers
  7 iron dragons
  30 vault wardens
  5 emperor scorpions (Spider:4)
  8 ghost moths
  A balrug (Depths:3)
  4 orc warlords
  5 draconian annihilators
  2 draconian stormcallers
  2 broodmothers
  17 ironbound preservers
  8 ironbound thunderhulks
  4 quicksilver oozes
  16 stone giants
  2 vampire knights
  7 black draconians
  9 deep elf demonologists
  12 very ugly things
  4 formless jellyfish
  15 green draconians
  7 deep elf annihilators
  2 eleionomae (Shoals:1)
  7 white draconians
  7 deep elf death magi
  6 red draconians
  A minotaur (Gauntlet)
  4 war gargoyles
  9 yellow draconians
  13 purple draconians
  12 spark wasps
  3 dire elephants (Vaults:4)
  8 merfolk javelineers
  A green death (Depths:2)
  10 fire dragons
  8 jiangshi
  8 merfolk impalers
  5 deep elf high priests
  2 entropy weavers (shapeshifter)
  9 ettins
  2 crystal guardians (Vaults:4)
  8 yaktaur captains
  5 entropy weavers
  12 ice dragons
  7 great orbs of eyes
  4 hydras
  2 rakshasas
  6 catoblepae
  A hell beast (Depths:2)
  Harold (Orc:1)
  5 centaur warriors
  3 peacekeepers
  An ogre mage (D:15)
  A jorogumo (Spider:4)
  3 spriggan air magi
  2 death knights
  6 ironbound frosthearts
  9 death yaks
  39 vault guards
  7 radroaches
  18 dancing weapons
  5 two-headed ogres
  14 boulder beetles
  3 merfolk avatars
  10 deep troll earth magi
  10 merfolk aquamancers
  A death scarab (Spider:2)
  An alligator snapping turtle (Shoals:4)
  5 deep troll shamans
  A titan zombie (Vaults:5)
  8 tengu warriors
  5 demonic crawlers
  2 occultists
  4 satyrs
  5 spriggan berserkers
  5 vampire magi
  Urug (D:11)
  6 hell knights
  6 orc high priests
  2 spriggans (Depths:2)
  A thrashing horror (Abyss:1)
  Sonja (Orc:1)
  2 sun demons
  A storm dragon zombie (Vaults:5)
  19 deep elf knights
  A pharaoh ant (Spider:3)
  7 iron trolls
  A sixfirhy (Abyss:3)
  7 skysharks
  46 deep trolls
  2 flayed ghosts
  3 mana vipers (Zot:2)
  12 arcanists
  5 skeletal warriors
  A death drake (shapeshifter) (Vaults:5)
  3 sun moths (Spider:4)
  5 glowing orange brains
  A swamp dragon (Zot:3)
  An orb spider (shapeshifter) (Vaults:5)
  16 orb spiders
  A tengu zombie (Vaults:5)
  16 deep elf archers
  A glowing orange brain (shapeshifter) (Depths:4)
  9 sea snakes
  An obsidian statue (Zot:2)
  A thermic dynamo (Elf:3)
  24 harpies
  30 deep elf pyromancers
  5 phantasmal warriors
  4 necromancers
  6 starcursed masses (Abyss:3)
  10 steelbarb worms
  19 deep elf zephyrmancers
  16 ironbound convokers
  9 lindwurms
  16 orc knights
  5 orc sorcerers
  7 large abominations
  18 manticores
  6 shining eyes
  3 oklob plants
  15 wolf spiders
  36 fauns
  32 ugly things
  23 moths of wrath
  9 cyclopes
  50 slime creatures
  7 meliai
  A fire giant skeleton (Vaults:5)
  A stone giant skeleton (Vaults:5)
  2 worldbinders (Abyss:1)
  20 vault sentinels
  A black mamba (shapeshifter) (D:15)
  13 merfolk sirens
  8 elephants
  4 black mambas
  3 cane toads
  An eye of devastation (Lair:3)
  13 water nymphs
  2 smoke demons
  2 unseen horrors
  3 gargoyles (D:12)
  A storm dragon simulacrum (Zot:3)
  6 torpor snails
  A hellion (Gauntlet)
  9 komodo dragons
  6 rime drakes
  32 yaktaurs
  5 efreet
  3 ancient zymes
  A freezing wraith (Vaults:5)
  A golden dragon simulacrum (Zot:3)
  2 queen bees (Lair:4)
  A ghost moth simulacrum (Zot:3)
  7 tengu conjurers
  6 polar bears
  2 queen bees (shapeshifter)
  22 merfolk
  9 trolls
  2 tyrant leeches (Gauntlet)
  3 hornets
  9 wind drakes
  4 raiju (Abyss:3)
  A hellwing (Depths:4)
  7 dream sheep
  19 tarantellas
  14 blink frogs
  5 glass eyes
  8 snapping turtles
  A draconian simulacrum (Zot:3)
  22 culicivoras
  30 water elementals
  26 jumping spiders
  A vampire (D:11)
  3 shadows
  4 wraiths
  34 yaks
  4 air elementals
  2 wyverns
  6 basilisks
  A steam dragon (shapeshifter) (D:13)
  3 steam dragons
  A neqoxec (Abyss:1)
  2 wargs (Orc:2)
  5 fire elementals
  15 golden eyes
  10 vampire mosquitoes
  44 redbacks
  6 chaos spawn (Abyss:1)
  8 swamp worms (Gauntlet)
  A naga (shapeshifter) (D:13)
  A naga zombie (Abyss:3)
  7 acid dragons
  23 water moccasins
  5 hell hounds
  A meliai simulacrum (D:14)
  57 orc warriors
  4 black bears
  A swamp drake (Orc:1)
  A black bear (shapeshifter) (Vaults:5)
  2 laughing skulls (Abyss:3)
  3 ogres
  A boggart (Vaults:1)
  41 wolves
  A crocodile (shapeshifter) (D:13)
  17 centaurs
  2 kobold brigands
  A weeping skull (Abyss:1)
  4 elf zombies (Elf:1)
  7 earth elementals
  12 bullfrogs
  A scorpion (D:5)
  A wyvern zombie (D:6)
  5 small abominations
  A water moccasin zombie (D:6)
  7 wights
  62 killer bees
  A water moccasin skeleton (D:6)
  7 electric eels
  2 bullfrog zombies (D:6)
  A crimson imp (Orc:1)
  3 centaur zombies
  4 hounds
  An iron imp (Orc:1)
  A bombardier beetle (D:5)
  2 gnoll boudas
  A human zombie (D:6)
  32 orc priests
  4 jellies
  2 iguanas
  4 sleepcaps
  Natasha (thrice) (D:4)
  28 orc wizards
  8 hell rats (Lair:1)
  3 crocodile zombies (Ossuary)
  2 killer bee zombies (D:6)
  3 mummies (Ossuary)
  Robin (D:2)
  10 adders
  12 gnolls
  15 river rats
  5 shadow imps
  2 white imps
  2 ribbon worms
  3 dart slugs
  142 orcs
  8 endoplasms
  4 giant cockroaches
  2 gnoll zombies (Ossuary)
  15 hobgoblins
  10 jackals (D:1)
  6 quokkas
  8 ball pythons
  2 bats (D:1)
  2 frilled lizards
  19 goblins
  17 kobolds
  2 kobold zombies (Ossuary)
  14 rats
  3 aspiring fleshes
  A lurking horror (Abyss:3)
  A starspawn tentacle (Abyss:3)
2445 creatures vanquished.

Vanquished Creatures (collateral kills)
  A crystal guardian (Vaults:3)
  A vault guard (Vaults:3)
2 creatures vanquished.

Vanquished Creatures (others)
  A very ugly thing (Depths:2)
  A moth of wrath simulacrum (Zot:3)
  2 orcs
  A rat (Lair:1)
  4 starspawn tentacles
9 creatures vanquished.

Grand Total: 2456 creatures vanquished

Notes
Turn   | Place    | Note
-------+----------+-------------------------------------------
     0 | D:1      | backslashecho the Troll Summoner began the quest for the
                  | Orb.
     0 | D:1      | Reached XP level 1. HP: 16/16 MP: 1/1
    47 | D:1      | Reached skill level 1 in Unarmed Combat
    49 | D:1      | Reached XP level 2. HP: 25/26 MP: 2/2
    66 | D:1      | Reached skill level 1 in Fighting
   359 | D:1      | Reached XP level 3. HP: 29/33 MP: 3/3
   638 | D:1      | You fall into a shaft and drop 1 floor!
   728 | D:1      | Reached skill level 2 in Unarmed Combat
   933 | D:2      | Reached XP level 4. HP: 40/42 MP: 4/4
  1225 | D:2      | Found a sparkling altar of Nemelex Xobeh.
  1329 | D:2      | Noticed Robin
  1367 | D:2      | Killed Robin
  1368 | D:2      | Reached skill level 3 in Unarmed Combat
  1662 | D:3      | Found a radiant altar of Vehumet.
  1762 | D:3      | Found a bloodstained altar of Trog.
  1771 | D:3      | Reached XP level 5. HP: 11/50 MP: 5/5
  2088 | D:3      | Found a broken altar of Ashenzari.
  2408 | D:3      | Saw a vision of the Shoals and the Spider Nest.
  2408 | D:3      | Noticed a jumping spider
  2408 | D:3      | Noticed a wolf spider
  2408 | D:3      | Noticed a merfolk siren
  2408 | D:3      | Noticed a torpor snail
  2408 | D:3      | Noticed a wolf spider
  2408 | D:3      | Noticed a cyclops
  2408 | D:3      | Noticed a snapping turtle
  2408 | D:3      | Noticed a moth of wrath
  2408 | D:3      | Noticed a water elemental
  2408 | D:3      | Noticed a torpor snail
  2408 | D:3      | Noticed a manticore
  2409 | D:3      | Noticed a redback
  2409 | D:3      | Noticed a jumping spider
  2409 | D:3      | Noticed a demonic crawler
  2409 | D:3      | Noticed a merfolk impaler
  2409 | D:3      | Noticed a tarantella
  2409 | D:3      | Noticed an orb spider
  2409 | D:3      | Noticed a sea snake
  2409 | D:3      | Noticed a merfolk
  2410 | D:3      | Noticed a jumping spider
  2410 | D:3      | Noticed a tarantella
  2411 | D:3      | Noticed a redback
  2520 | D:4      | Noticed Natasha
  2532 | D:4      | Killed Natasha
  2585 | D:4      | Reached skill level 4 in Unarmed Combat
  2608 | D:4      | Reached XP level 6. HP: 14/61 MP: 6/6
  2717 | D:4      | Found an opulent altar of Gozag.
  2814 | D:4      | Noticed Natasha
  2836 | D:4      | Killed Natasha
  2959 | D:4      | Reached skill level 5 in Unarmed Combat
  3007 | D:4      | Noticed Natasha
  3018 | D:4      | Killed Natasha
  3019 | D:4      | Reached XP level 7. HP: 57/70 MP: 7/7
  3452 | D:5      | Entered Level 5 of the Dungeon
  3617 | D:5      | Found a sand-covered staircase.
  3626 | Ossuary  | Entered an ossuary
  3768 | Ossuary  | Reached skill level 1 in Shapeshifting
  4011 | D:5      | Reached skill level 6 in Unarmed Combat
  4060 | D:5      | Reached XP level 8. HP: 33/79 MP: 8/8
  4404 | D:5      | Found an iron altar of Okawaru.
  4607 | D:5      | Found a snail-covered altar of Cheibriados.
  5110 | D:6      | Reached skill level 7 in Unarmed Combat
  5110 | D:6      | Reached skill level 5 in Shapeshifting
  5119 | D:6      | Found a hazy altar of Hepliaklqana.
  5293 | D:6      | Found a transporter.
  5604 | D:6      | Reached XP level 9. HP: 83/84 MP: 9/9
  5698 | D:6      | Found an ancient bone altar of Kikubaaqudgha.
  5841 | D:6      | Noticed a kobold demonologist
  5845 | D:6      | Found a transporter.
  6236 | D:7      | Reached skill level 8 in Unarmed Combat
  6548 | D:7      | Found a staircase to the Ecumenical Temple.
  6560 | Temple   | Found a transporter.
  6560 | Temple   | Found a transporter.
  6560 | Temple   | Found a transporter.
  6560 | Temple   | Found a transporter.
  6560 | Temple   | Entered the Ecumenical Temple
  6736 | D:3      | Became a worshipper of Trog the Wrathful
  7516 | D:8      | Reached * piety under Trog
  7526 | D:8      | HP: 3/85 [killer bee (7)]
  7996 | D:9      | Noticed a troll
  8119 | D:9      | Found a staircase to the Orcish Mines.
  8162 | D:9      | Reached skill level 9 in Unarmed Combat
  8162 | D:9      | Reached XP level 10. HP: 54/94 MP: 10/10
  8248 | D:9      | Found a flagged portal.
  8268 | Bailey   | Entered a bailey
  8796 | Bailey   | HP: 2/94 [orc/+0 halberd (10)]
  9194 | Bailey   | Reached ** piety under Trog
  9243 | Bailey   | Reached skill level 10 in Shapeshifting
  9383 | D:9      | Identified 3 scrolls of acquirement
  9383 | D:9      | Acquired the ring of Lady Luck {+Blink rPois Will+ Stlth+}
  9385 | D:9      | Acquired the amulet "Oloiruz" {rF+ Regen+ Dex+2 Slay+3}
  9387 | D:9      | Acquired a manual of Dodging
  9409 | D:9      | Noticed a two-headed ogre
  9417 | D:9      | Killed a two-headed ogre
  9496 | D:9      | Found a sparkling altar of Nemelex Xobeh.
  9499 | D:9      | Reached skill level 5 in Fighting
  9503 | D:9      | Reached skill level 10 in Unarmed Combat
  9722 | D:9      | Reached XP level 11. HP: 103/104 MP: 11/11
 10031 | D:9      | Identified the +4 ring mail of Koegramm {rElec Str+4}
 10198 | D:10     | Entered Level 10 of the Dungeon
 10198 | D:10     | Noticed a two-headed ogre
 10206 | D:10     | Killed a two-headed ogre
 10215 | D:10     | Reached *** piety under Trog
 10240 | D:8      | Reached skill level 5 in Dodging
 10300 | D:10     | Reached skill level 1 in Evocations
 10640 | D:10     | Noticed a two-headed ogre
 10648 | D:10     | Killed a two-headed ogre
 10691 | D:10     | Found a staircase to the Lair.
 10792 | D:10     | Found Veiqeahu's Clear Minds Boutique.
 10792 | D:10     | Noticed a two-headed ogre
 10796 | D:10     | Killed a two-headed ogre
 10836 | D:10     | Noticed a white ugly thing
 10839 | D:10     | Noticed a brown ugly thing
 10944 | D:10     | Found a transporter.
 10952 | D:10     | Found a transporter.
 11257 | D:10     | Found Yheam's Book Shoppe.
 11266 | D:10     | Bought a manual of Fighting for 1040 gold pieces
 11318 | D:10     | Found a corrupted altar of Lugonu.
 11319 | D:10     | Noticed a red ugly thing
 11430 | D:11     | Noticed a boulder beetle
 11442 | D:11     | Reached skill level 11 in Unarmed Combat
 11484 | D:11     | Noticed a large abomination
 11486 | D:11     | Noticed a large abomination
 11516 | D:11     | Found an ancient bone altar of Kikubaaqudgha.
 11534 | D:11     | Noticed Urug
 11745 | D:11     | Killed a boulder beetle
 11910 | D:11     | Killed Urug
 11911 | D:11     | Reached XP level 12. HP: 118/118 MP: 12/12
 12421 | Lair:1   | Entered Level 1 of the Lair of Beasts
 12500 | Lair:1   | Identified the +7 mace "Afulesant" {freeze, Str+4}
 12617 | Lair:1   | Reached **** piety under Trog
 12712 | Lair:1   | Noticed a boulder beetle
 12713 | Lair:1   | Identified the ring of the Muttering Knives {rPois rF++
                  | Str-2 SInv}
 12861 | Lair:1   | Killed a boulder beetle
 12961 | Lair:1   | Noticed a catoblepas
 13010 | Lair:1   | Killed a catoblepas
 13064 | Lair:1   | Reached ***** piety under Trog
 13591 | Lair:2   | Found a hole to the Spider Nest.
 13827 | Lair:2   | Noticed a death yak
 13831 | Lair:2   | Noticed a death yak
 14015 | Lair:2   | Found a staircase to the Shoals.
 14062 | Lair:2   | Noticed a death yak
 14070 | Lair:2   | Noticed a death yak
 14073 | Lair:2   | Killed a death yak
 14074 | Lair:2   | Reached skill level 12 in Unarmed Combat
 14081 | Lair:2   | Killed a death yak
 14085 | Lair:2   | Noticed a death yak
 14087 | Lair:2   | Killed a death yak
 14093 | Lair:2   | Killed a death yak
 14095 | Lair:2   | Killed a death yak
 14096 | Lair:2   | Reached XP level 13. HP: 131/131 MP: 13/13
 14980 | Lair:3   | Reached skill level 5 in Evocations
 15975 | Lair:4   | Reached skill level 10 in Fighting
 16215 | Lair:4   | Reached skill level 10 in Dodging
 16234 | Lair:4   | Found a staircase to the Slime Pits.
 16666 | Lair:4   | Reached ****** piety under Trog
 17295 | Lair:5   | Entered Level 5 of the Lair of Beasts
 17430 | Lair:5   | Reached skill level 13 in Unarmed Combat
 17577 | Lair:5   | Reached XP level 14. HP: 144/144 MP: 14/14
 17987 | Lair:5   | Identified the +8 sling of the Vaults {heavy, rPois rF+
                  | Int+2}
 18659 | Lair:5   | Received a gift from Trog
 18921 | Orc:1    | Entered Level 1 of the Orcish Mines
 19052 | Orc:1    | Noticed Harold
 19075 | Orc:1    | Killed Harold
 19396 | Orc:1    | Noticed an orc warlord
 19539 | Orc:1    | Noticed Sonja
 19580 | Orc:1    | Killed Sonja
 19851 | Orc:1    | Killed an orc warlord
 19861 | Abyss:1  | Cast into level 1 of the Abyss (orc warrior)
 19939 | Abyss:1  | Noticed a tentacled starspawn
 20077 | Abyss:1  | Paralysed by a chaos spawn for 1 turns
 20137 | Orc:1    | Escaped the Abyss
 20367 | Orc:2    | Entered Level 2 of the Orcish Mines
 20550 | Orc:2    | Received a gift from Trog
 20621 | Orc:2    | Noticed an orc warlord
 20622 | Orc:2    | Found Uhususo's Jewellery Emporium.
 20671 | Orc:1    | Killed an orc warlord
 20920 | Orc:2    | Found a roughly hewn altar of Beogh.
 20921 | Orc:2    | Found a staircase to the Elven Halls.
 21159 | Orc:2    | Received a gift from Trog
 21400 | Orc:2    | Reached XP level 15. HP: 156/156 MP: 15/15
 21406 | Orc:2    | Found Febredia's Antique Armour Shop.
 21406 | Orc:2    | Found Mietexoeny's General Store.
 21407 | Orc:2    | Found Haydeweb's Book Shop.
 21407 | Orc:2    | Found Jaustral's Weapon Boutique.
 21418 | Orc:2    | Bought a scroll of identify for 32 gold pieces
 21418 | Orc:2    | Bought a scroll of teleportation for 48 gold pieces
 21425 | Orc:2    | Upgraded the game from 0.32-a0-450-g080537f31e to
                  | 0.32-a0-540-g866d13106e
 21538 | Orc:2    | Bought the ring of Hilalani {rElec rN+ Stlth+} for 404 gold
                  | pieces
 21538 | Orc:2    | Bought a ring of protection from cold for 275 gold pieces
 21661 | D:12     | Found a gate leading to a gauntlet.
 21670 | Gauntlet | Entered a Gauntlet
 21670 | Gauntlet | Found a transporter.
 21680 | Gauntlet | Found a runed translucent gate.
 21680 | Gauntlet | Found a runed translucent gate.
 21680 | Gauntlet | Found a runed translucent gate.
 21682 | Gauntlet | Found a transporter.
 21685 | Gauntlet | Found a transporter.
 21686 | Gauntlet | Found a transporter.
 21697 | Gauntlet | Found a transporter.
 21697 | Gauntlet | Found a transporter.
 21698 | Gauntlet | Found a transporter.
 21708 | Gauntlet | Found a transporter.
 21710 | Gauntlet | Found a transporter.
 21711 | Gauntlet | Found a transporter.
 21719 | Gauntlet | Found a transporter.
 21722 | Gauntlet | Found a transporter.
 21723 | Gauntlet | Found a transporter.
 21745 | Gauntlet | Found a transporter.
 22114 | Gauntlet | Identified the +2 pair of gloves of Fyidd {Harm Int+2}
 22272 | Gauntlet | Identified the +0 robe of the Falcon {rN+ Will+ rCorr}
 23301 | D:13     | Found Aguimen's Book Emporium.
 23516 | D:13     | Found Hebampoh's Armour Shop.
 23550 | D:13     | Received a gift from Trog
 23573 | D:13     | Reached skill level 14 in Unarmed Combat
 23762 | D:13     | Reached skill level 15 in Shapeshifting
 23850 | D:13     | Found Dikhlaomu's Book Emporium.
 23850 | D:13     | Noticed a walking crystal tome
 23872 | D:13     | Noticed a walking crystal tome
 23891 | D:13     | Found a gate to the Vaults.
 24254 | D:13     | Found Wiergh's Weapon Shoppe.
 24993 | D:15     | Entered Level 15 of the Dungeon
 25146 | D:15     | Received a gift from Trog
 25497 | D:15     | Reached XP level 16. HP: 132/169 MP: 16/16
 25682 | D:15     | Found a staircase to the Depths.
 25882 | Shoals:1 | Entered Level 1 of the Shoals
 26633 | Shoals:1 | Received a gift from Trog
 27138 | Shoals:2 | HP: 11/246 [something/ball of steam (14)]
 27310 | Shoals:2 | Reached skill level 15 in Unarmed Combat
 27521 | Shoals:2 | Noticed Ilsuiw
 27833 | Shoals:2 | Found Ellaze's Antique Armour Boutique.
 28045 | Shoals:2 | Received a gift from Trog
 28061 | Shoals:2 | Killed Ilsuiw
 28166 | Shoals:2 | You are sucked into a shaft and drop 1 floor!
 28756 | Shoals:3 | Reached XP level 17. HP: 179/179 MP: 17/17
 29470 | Shoals:4 | Entered Level 4 of the Shoals
 29723 | Shoals:4 | Received a gift from Trog
 29900 | Shoals:4 | Paralysed by an air elemental for 1 turns
 29997 | Shoals:4 | Paralysed by an air elemental for 1 turns
 30429 | Shoals:4 | Reached skill level 16 in Unarmed Combat
 30771 | Shoals:4 | Received a gift from Trog
 31013 | Shoals:4 | Identified the +10 lajatang of War {antimagic, ^Fragile
                  | +Blink rN++}
 31297 | Shoals:4 | Got a barnacled rune of Zot
 31298 | Shoals:4 | Identified the +9 triple crossbow of the Owl {penet, Dex+5}
 31392 | Shoals:4 | Paralysed by an air elemental for 1 turns
 31564 | Spider:1 | Entered Level 1 of the Spider Nest
 31760 | Orc:2    | Bought the ring of Dois {rPois rF+ Will- rCorr Dex+6} for
                  | 611 gold pieces
 31974 | Spider:1 | Identified the +0 tower shield of the Goldsmith {Fly}
 31974 | Spider:1 | Noticed Louise
 31974 | Abyss:3  | Cast into level 3 of the Abyss (Louise)
 32034 | Abyss:3  | Found a corrupted altar of Lugonu.
 32051 | Abyss:3  | Found a corrupted altar of Lugonu.
 32139 | Abyss:3  | Received a gift from Trog
 32161 | Abyss:3  | Found a corrupted altar of Lugonu.
 32324 | Spider:1 | Escaped the Abyss
 32344 | Spider:1 | Killed Louise
 32535 | Spider:1 | Reached XP level 18. HP: 191/191 MP: 18/18
 33268 | Spider:2 | Noticed Nikola
 33275 | Spider:2 | Killed Nikola
 33425 | Spider:2 | Received a gift from Trog
 33669 | Spider:2 | Noticed Frances
 33687 | Spider:2 | Killed Frances
 33911 | Spider:2 | Noticed Mlioglotl
 33920 | Spider:2 | Killed Mlioglotl
 34301 | Spider:2 | Reached skill level 15 in Fighting
 34379 | Spider:2 | Reached skill level 17 in Unarmed Combat
 34869 | Spider:3 | Received a gift from Trog
 35526 | Spider:4 | Entered Level 4 of the Spider Nest
 36185 | Spider:4 | Received a gift from Trog
 36320 | Spider:4 | Identified the +2 dagger "Dociu" {speed, *Noise rPois
                  | Dex+4}
 36436 | Spider:4 | Noticed Asterion
 36458 | Spider:4 | Killed Asterion
 36532 | Spider:4 | Reached XP level 19. HP: 201/201 MP: 19/19
 36691 | Spider:4 | Got a gossamer rune of Zot
 37023 | Vaults:1 | Entered Level 1 of the Vaults
 37303 | Vaults:1 | HP: 6/202 [ironbound frostheart (15)]
 37822 | Vaults:1 | Identified the +4 ring mail of Xom's Envy {Rampage ^Drain
                  | rElec MP+9}
 38850 | Vaults:2 | Reached skill level 18 in Unarmed Combat
 39445 | Vaults:2 | Reached skill level 15 in Dodging
 39446 | Vaults:2 | Received a gift from Trog
 39693 | Vaults:2 | Found a staircase to the Crypt.
 39693 | Vaults:2 | Found an ancient bone altar of Kikubaaqudgha.
 39694 | Vaults:2 | Found a basalt altar of Yredelemnul.
 39876 | Vaults:2 | HP: 5/204 [ironbound frostheart (17)]
 40700 | Vaults:2 | Received a gift from Trog
 41272 | Vaults:3 | Reached XP level 20. HP: 214/214 MP: 20/20
 42010 | Vaults:3 | Received a gift from Trog
 42805 | Vaults:4 | Noticed Margery
 43068 | Vaults:4 | Reached skill level 19 in Unarmed Combat
 43239 | Vaults:4 | Received a gift from Trog
 43493 | Vaults:4 | Killed Margery
 44491 | Elf:1    | Entered Level 1 of the Elven Halls
 44513 | Elf:1    | Received a gift from Trog
 44638 | Elf:1    | Noticed Donald
 44644 | Elf:1    | Killed Donald
 44913 | Elf:1    | Identified the staff "Ditrofog" {rN+ Int+5 Necro}
 45219 | Elf:1    | Reached XP level 21. HP: 226/226 MP: 21/21
 45463 | Elf:1    | Identified the +0 pair of gloves "Jebala" {*Slow rF- rC+
                  | Int+8}
 45567 | Elf:2    | Found Oppuu's Jewellery Boutique.
 45615 | Elf:2    | Received a gift from Trog
 45634 | Elf:2    | Found Eheas's Tremendous Tomes.
 45670 | Elf:2    | Bought the ring of Cilitun {rF+ rC++ Will+++ rCorr Stlth-}
                  | for 1307 gold pieces
 45830 | Elf:2    | Found Pon Toy's Jewellery Shop.
 46096 | Elf:2    | Found a runed translucent gate.
 46097 | Elf:2    | Found a runed translucent gate.
 46097 | Elf:2    | Found a runed translucent gate.
 46145 | Elf:2    | Found Galisot's Magic Scroll Boutique.
 46149 | Elf:2    | Bought a scroll of blinking for 97 gold pieces
 46149 | Elf:2    | Bought a scroll of blinking for 97 gold pieces
 46149 | Elf:2    | Bought a scroll of revelation for 97 gold pieces
 46197 | Elf:2    | Found Ocvaiceo's Armour Boutique.
 46286 | Elf:2    | Received a gift from Trog
 46640 | Elf:3    | Entered Level 3 of the Elven Halls
 47497 | Elf:3    | Received a gift from Trog
 47528 | Elf:3    | Reached skill level 20 in Unarmed Combat
 47774 | Elf:3    | Identified the +12 war axe of Ziaclax {freeze, rC+ Stlth+}
 47846 | Elf:3    | Identified the +9 long sword of Symmetry {elec, rElec rN+}
 47846 | Elf:3    | Identified the amulet of Compassion {Spirit +Blink rC+}
 48161 | Elf:3    | Identified the staff "Susaureh" {rPois rC- Will+ MP+9 Earth
                  | Alchemy}
 48177 | Elf:3    | Identified the amulet "Buisetic" {Spirit rF+ rCorr}
 48655 | Slime:1  | Entered Level 1 of the Pits of Slime
 48803 | Slime:1  | Upgraded the game from 0.32-a0-540-g866d13106e to
                  | 0.32-a0-571-gec57dfcd37
 48866 | Slime:1  | Received a gift from Trog
 49590 | Slime:4  | Gained mutation: You occasionally lose the ability to read
                  | scrolls when taking damage. [a shining eye]
 49689 | Slime:5  | Entered Level 5 of the Pits of Slime
 49689 | Slime:5  | Found the +10 dark maul {heavy}
 49755 | Slime:4  | Reached XP level 22. HP: 237/237 MP: 22/22
 49810 | Slime:5  | Received a gift from Trog
 49853 | Slime:5  | Found a viscous altar of Jiyva.
 49878 | Slime:5  | Noticed the Royal Jelly
 49907 | Slime:5  | Killed the Royal Jelly
 50042 | Slime:5  | Identified the +2 hand axe "Lomiup" {flame, rPois rCorr
                  | Int-3 Dex+3}
 50053 | Slime:5  | Gained mutation: You are occasionally teleported next to
                  | monsters. [a shining eye]
 50080 | Slime:5  | Got a slimy rune of Zot
 50103 | Slime:5  | Identified the staff of the Eel {Int+2 Air Earth Alchemy}
 50114 | Slime:5  | Identified the ring of Sobysip {Fly rPois MP+9 Str+2 Dex+4}
 50144 | Slime:5  | Identified the staff of Maan {rPois Dex+3 Tloc Alchemy}
 50465 | D:15     | Lost mutation: You are occasionally teleported next to
                  | monsters. [potion of mutation]
 50465 | D:15     | Lost mutation: You occasionally lose the ability to read
                  | scrolls when taking damage. [potion of mutation]
 50465 | D:15     | Gained mutation: Your system is resistant to poisons.
                  | (rPois) [potion of mutation]
 50465 | D:15     | Gained mutation: You have hidden genetic potential. [potion
                  | of mutation]
 50465 | D:15     | Gained mutation: You passively map a small area around you.
                  | [potion of mutation]
 50532 | Depths:1 | Entered Level 1 of the Depths
 50532 | Depths:1 | Found a bloodstained altar of Trog.
 50663 | Depths:1 | Identified the +1 scale mail of the Stars {rPois Str+4
                  | Slay-5}
 50931 | Depths:1 | You are sucked into a shaft and drop 1 floor!
 50931 | Depths:2 | Found a one-way gate leading to the halls of Pandemonium.
 51143 | Depths:2 | Found a gateway to Hell.
 51670 | Depths:2 | Received a gift from Trog
 52036 | Depths:2 | Reached skill level 21 in Unarmed Combat
 52159 | Depths:2 | Found a runed translucent door.
 52357 | Depths:2 | Noticed a golden dragon
 52364 | Depths:2 | Killed a golden dragon
 52595 | Depths:3 | Noticed a golden dragon
 52633 | Depths:3 | Killed a golden dragon
 52882 | Depths:3 | Identified the staff "Dragonslayer" {rElec rPois Dex+4
                  | Hexes Earth}
 52940 | Depths:3 | Received a gift from Trog
 53163 | Depths:3 | Reached XP level 23. HP: 249/249 MP: 23/23
 53231 | Depths:3 | Found a one-way gate to the infinite horrors of the Abyss.
 53927 | Depths:4 | Entered Level 4 of the Depths
 53941 | Depths:4 | Noticed a caustic shrike
 53941 | Depths:4 | Noticed a caustic shrike
 53941 | Depths:4 | Noticed a caustic shrike
 53953 | Depths:3 | Killed a caustic shrike
 54219 | Depths:4 | Found a one-way gateway to a ziggurat.
 54264 | Depths:4 | Gained mutation: Your muscles are strong. (Str +4, Int/Dex
                  | -1) [hidden potential]
 54637 | Depths:4 | Killed a caustic shrike
 54641 | Depths:4 | Killed a caustic shrike
 55002 | Depths:4 | Identified the +9 falchion of the First Friars {heavy,
                  | rPois rCorr Dex+2} (Trog gifted it to you on level 4 of the
                  | Depths)
 55002 | Depths:4 | Received a gift from Trog
 55176 | Depths:4 | Found a broken altar of Ashenzari.
 55402 | Depths:4 | Found a gate to the Realm of Zot.
 55482 | Zot:1    | Entered Level 1 of the Realm of Zot
 55499 | Zot:2    | Noticed a curse toe
 55949 | Zot:1    | Found a shimmering blue altar of Sif Muna.
 56190 | Zot:1    | Noticed an orb of fire
 56199 | Zot:1    | Killed an orb of fire
 56874 | Zot:2    | Found a runed translucent gate.
 56874 | Zot:2    | Found a runed translucent gate.
 56874 | Zot:2    | Found a runed translucent gate.
 56875 | Zot:2    | Found an opulent altar of Gozag.
 56876 | Zot:2    | Noticed Uxisash's ghost (veteran DrIE)
 56878 | Zot:2    | Found Duarchou's Assorted Antiques.
 57113 | Zot:2    | Identified the +11 quarterstaff of Temperance {flame, rN++
                  | rCorr Str+2 Int-3} (Trog gifted it to you on level 2 of the
                  | Realm of Zot)
 57113 | Zot:2    | Received a gift from Trog
 57470 | Zot:2    | Reached skill level 22 in Unarmed Combat
 58033 | Zot:2    | Killed a curse toe
 58127 | Zot:2    | Noticed a curse toe
 58127 | Zot:2    | Noticed a curse toe
 58309 | Zot:2    | Killed a curse toe
 58335 | Zot:2    | Killed a curse toe
 58345 | Zot:2    | Identified the +6 swamp dragon scales of Cynicism {rPois
                  | Will+}
 58579 | Zot:2    | Killed Uxisash's ghost
 58580 | Zot:2    | Reached XP level 24. HP: 260/260 MP: 0/23
 58756 | Zot:2    | Bought a wand of roots (7) for 621 gold pieces
 58756 | Zot:2    | Bought a wand of quicksilver (4) for 621 gold pieces
 58756 | Zot:2    | Bought a wand of roots (5) for 444 gold pieces
 58756 | Zot:2    | Bought a scroll of teleportation for 111 gold pieces
 59031 | Zot:3    | Received a gift from Trog
 59036 | Zot:3    | Gained mutation: You are robust. (+10% HP) [hidden
                  | potential]
 59036 | Zot:3    | Lost mutation: You have hidden genetic potential. [hidden
                  | potential expressed]
 59295 | Zot:3    | Found a shimmering altar of Xom.
 59459 | Zot:3    | Identified the ring "Kailys" {Ice rElec Will+ Dex+4}
 59459 | Zot:3    | Noticed Josephina
 59503 | Zot:3    | Killed Josephina
 60267 | Zot:3    | Received a gift from Trog
 60708 | Zot:3    | Identified the +1 orcbow "Gorr" {flame, rN+}
 61813 | Zot:5    | Entered Level 5 of the Realm of Zot
 61949 | Zot:5    | Noticed an orb of fire
 61955 | Zot:5    | Killed an orb of fire
 61956 | Zot:5    | Reached skill level 23 in Unarmed Combat
 62735 | Vaults:5 | Entered Level 5 of the Vaults
 62763 | Vaults:5 | Received a gift from Trog
 62771 | Vaults:5 | Reached XP level 25. HP: 300/300 MP: 23/23
 63585 | Vaults:5 | Received a gift from Trog
 63590 | Vaults:5 | Identified the +7 glaive "Tapteh" {venom, Str+2 SInv}
 63590 | Vaults:5 | Identified the amulet of the Sun {Acrobat Regen+}
 64050 | Elf:2    | Bought the ring of Zochi {rF+ rN+ rCorr Int+4 Dex-3} for
                  | 702 gold pieces
 64410 | Vaults:5 | Found the +8 pair of quick blades "Gyre" and "Gimble"
                  | {protect}
 64608 | Vaults:5 | Got a silver rune of Zot
 64690 | Vaults:5 | Noticed a dread lich
 64699 | Vaults:5 | Killed a dread lich
 64785 | Vaults:5 | Identified the +7 trident of the Growing Augurer {pain,
                  | rPois Will+}
 65717 | Zot:5    | Noticed an ancient lich
 65736 | Zot:5    | Killed an ancient lich
 65798 | Zot:5    | Noticed an ancient lich
 65809 | Zot:5    | Killed an ancient lich
 65833 | Zot:5    | Received a gift from Trog
 66068 | Zot:5    | Noticed an ancient lich
 66080 | Zot:5    | Killed an ancient lich
 66085 | Zot:5    | Reached skill level 24 in Unarmed Combat
 66104 | Zot:5    | Noticed a Killer Klown
 66120 | Zot:5    | Killed a Killer Klown
 66262 | Zot:5    | Noticed an orb of fire
 66272 | Zot:5    | Killed an orb of fire
 66273 | Zot:5    | Reached XP level 26. HP: 299/314 MP: 23/23
 66397 | Zot:5    | Noticed an orb of fire
 66403 | Zot:5    | Noticed an orb of fire
 66405 | Zot:5    | Killed an orb of fire
 66411 | Zot:5    | Killed an orb of fire
 66762 | Zot:5    | Got the Orb of Zot
 67442 | D:$      | Escaped with the Orb!

Illustrated notes

Levels and vault maps discovered:
D:1:      lemuel_arrival_broad_hall, layout_loops_ring
D:2:      layout_basic, basic_altar, guppyfry_early_lair_pool, uniq_robin
D:3:      layout_basic, mainiacjoe_overflow_catwalk_spiral,
          grunt_ashenzari_visionary [grunt_ashenzari_visionary_shoals,
          grunt_ashenzari_visionary_spider]
D:4:      minmay_chambers_of_twos, layout_loops_ring, grunt_gozag_breadcrumbs,
          uniq_natasha
D:5:      layout_loops_corners, kennysheep_slug_shrine,
          okawaru_altar_gauntlet_db, nicolae_ossuary_entry_monument,
          minmay_misc_feat_five
D:6:      gammafunk_wand_slinger, layout_loops_cross,
          mainiacjoe_overflow_alcove_2, lemuel_mausoleum_altar_kikubaaqudgha,
          nicolae_concentric_dashed_squares_wild
D:7:      layout_loops_ring, minmay_temple_entry_overgrown
D:8:      layout_basic
D:9:      minmay_polygon_palace, layout_small_grid,
          nemelex_diamond_rough_becter, david_orc_3, enter_bailey_4
D:10:     gammafunk_corrupted_shrine, layout_cave_pods, david_lair_shrubbed,
          serial_shops, shop, kennysheep_donut, minivault_11,
          nicolae_clarity_for_sale
D:11:     layout_basic, roadster_capsule_ark_zombie, uniq_urug
D:12:     layout_basic, gauntlet_entry_generic
D:13:     cheibrodos_fzero, layout_irregular_city,
          lightli_vaults_fourway_checkpoint, serial_shops, shop,
          nicolae_shop_mannequins, shop, nicolae_stop_n_shop_1
D:14:     layout_rooms, serial_rivers, chequers_serial_rivers_large_a,
          chequers_serial_rivers_marsh, chequers_serial_rivers_large_b,
          chequers_serial_rivers_marsh, serial_bayou_pond_a
D:15:     hellmonk_depths_entry_around_the_bend, layout_cave_pools,
          minmay_misc_feat_tower
Temple:   hellmonk_temple_divided_pantheon
Lair:1:   lemuel_ratsnest, layout_chaotic_city, grunt_megastairs_3
Lair:2:   layout_long_grid, shoals_dummy_entry, spider_nest_entry_webs,
          cheibrodos_lair_caveside_slide
Lair:3:   layout_regular_city, minmay_lair_oklob_items, serial_bayou_pond_a,
          grunt_megastairs_5
Lair:4:   regret_index_bee_streams, layout_regular_city,
          minmay_slime_entry_oklob_open, wad_woods_river_03,
          cheibrodos_lair_reptile_den
Lair:5:   grunt_lair_end_beastmaster, layout_regular_city, st_stairs_10
Shoals:1: layout_shoals, nicolae_shoals_lost_giant_pillars,
          nicolae_shoals_enchanted_isle
Shoals:2: layout_shoals, serial_shops, nicolae_shop_back_alley_shop,
          nicolae_tricolors, uniq_ilsuiw
Shoals:3: layout_shoals
Shoals:4: shoals_end_hellmonk_storm_palace [storm_palace_center_square,
          storm_palace_corner_pillars, storm_palace_corner_narrow,
          storm_palace_corner_grid, storm_palace_corner_narrow]
Spider:1: layout_spider_delve, uniq_louise
Spider:2: layout_spider_delve, uniq_mlioglotl, uniq_nikola, uniq_frances
Spider:3: layout_spider_delve, nicolae_spider_rock_and_or_roll
Spider:4: grunt_spider_rune_island, uniq_asterion
Slime:1:  layout_caves, nicolae_slime_phagocytosis
Slime:2:  layout_caves
Slime:3:  layout_caves, nicolae_slime_barrier
Slime:4:  layout_caves, nicolae_slime_welcoming_committee
Slime:5:  slime_pit_nicolae_jellycorners
Orc:1:    layout_caves, hangedman_minor_magic, uniq_sonja, uniq_harold
Orc:2:    st_orc_pillars, layout_diamond_mine, serial_shops, shop, basic_altar
Elf:1:    eino_elf_arrival_the_gate, layout_loops_ring, minmay_elf_necromancy,
          minmay_misc_feat_columns, kennysheep_underground_church, uniq_donald
Elf:2:    nicolae_elf_blades_crystal_corner, layout_geoelf_grid, serial_shops,
          shop, nicolae_shop_hallway_plus, nicolae_shop_rolled_up,
          nicolae_shop_advertising_works [nicolae_subvault_shop_adworks],
          dreamdust_princess_bridge, nicolae_shop_i_like_big_books
Elf:3:    elf_hall, layout_rooms, grunt_ministairs_1, minivault_26,
          onia_ninara_cookie, uniq_zenata
Vaults:1: ontoclasm_vaults_hangar, nicolae_vaults_closet_pinwheel_6,
          nicolae_vaults_weapon_check, nicolae_vaults_tetromino_T_1,
          vaults_dpeg_doors, hangedman_vaults_hat, v_misc_8,
          ontoclasm_vaults_eye, grunt_vaults_funnel, v_alt_pattern_5,
          nicolae_vaults_diamond_1, vaults_room_fancy_cross,
          layout_vaults_maze_snakey
Vaults:2: nicolae_vaults_frosty_reception, hangedman_vaults_variations,
          minmay_crypt_entry_necro_gods, nicolae_vaults_shipping_containers_3,
          nicolae_vaults_diamond_1, nicolae_vaults_asterisk,
          nicolae_vaults_closet_pinwheel_4, nicolae_vaults_shrinking_rooms_2,
          nicolae_vaults_offset_grid_hallway_4, ontoclasm_vaults_gateway,
          nicolae_vaults_wrenched, nicolae_vaults_border_crossing,
          nicolae_vaults_apartment_1, layout_vaults_ring
Vaults:3: hangedman_vaults_locks, nicolae_vaults_more_shelving_2,
          ontoclasm_vaults_fire_temple, vaults_standard_mumra_lines,
          nicolae_vaults_tetromino_Z_1, ontoclasm_vaults_idyll,
          nicolae_vaults_rhombus_6, layout_vaults_omnigrid
Vaults:4: vaults_room_fours, nicolae_vaults_layer_cake_slice,
          nicolae_vaults_back_hallway, nicolae_vaults_stairing_the_circle,
          serial_library_hellmonk_open_square, nicolae_vaults_closet_pinwheel_2,
          nicolae_vaults_wine_cellar, nicolae_vaults_storage_room_doors,
          dpeg_vaults_monster_box, nicolae_vaults_six-pack,
          layout_vaults_big_room, uniq_margery
Vaults:5
Depths:1: layout_roguey, serial_bayou_pond_c, pf_hell_entry_tar_spiral,
          chequers_jeans, kennysheep_big_empty_room, minmay_strange_pillars,
          glass_columns_a, bloody_trog
Depths:2: minmay_the_grid_four_pointed_star_mashed
          [minmay_the_grid_triangle_9x9_zippers_vertical,
          minmay_the_grid_triangle_9x9_sparse_checkered,
          minmay_the_grid_triangle_9x9_subtriangle,
          minmay_the_grid_triangle_9x9_checkered,
          minmay_the_grid_prize_inner_circle], layout_long_grid,
          kennysheep_doodads, rand_demon_pan_entry_1, hell_entry,
          serial_bayou_shore_b, infiniplex_staircase_pillars_2
Depths:3: minmay_triangles_in_corner, layout_gridville, serial_glass,
          glass_columns_a, glass_columns_c, glass_columns_a, glass_columns_a,
          glass_columns_b, glass_columns_a, glass_columns_c, glass_columns_a,
          lightli_too_deep, minmay_misc_feat_x, abyss_entry,
          minmay_staircase_bubble
Depths:4: evilmike_zot_entry_argh, layout_honeycomb, enter_ziggurat_c,
          hell_entry, nicolae_ashenzari_skybound
Zot:1:    layout_basic, regret_index_zotdec_magical_s, grunt_ministairs_8
Zot:2:    regret_index_malice_mire, layout_twisted_circle, ebering_ghost_gozag
Zot:3:    layout_gridlike, basic_altar, grunt_ministairs_1,
          st_large_dragon_hoard_4, uniq_josephina
Zot:4:    layout_basic, regret_index_zotdec_plus
Zot:5:    layout_basic, grunt_ministairs_4

Skill      XL: |  1  2  3  4  5  6  7  8  9 10 11 12 13 14 15 16 17 18 19 20 21 22 23 24 25 26 |
---------------+-------------------------------------------------------------------------------+-----
Unarmed Combat | 1 2 3 4 5 6 7 9 10 11 12 13 14 15 16 17 18 19 20 21 22 23 24 | 24.3
Fighting       | 1 2 3 4 5 7 9 10 11 13 14 15 16 17 18 19 20 21 | 21.2
Shapeshifting  | 2 6 8 10 11 12 14 15 16 17 18 19 20 21 22 23 | 23.5
Dodging        | 4 6 9 10 11 12 13 14 15 16 17 18 19 20 | 20.5
Evocations     | 3 4 6 8 9 |  9.0
Stealth        | |  1.0
Spellcasting   | |  1.2
Summonings     | |  2.9

Action                     |  1- 3 |  4- 6 |  7- 9 | 10-12 | 13-15 | 16-18 | 19-21 | 22-24 | 25-27 || total
---------------------------+-------+-------+-------+-------+-------+-------+-------+-------+-------++-------
  Melee: Unarmed           |   102 |   210 |   475 |   615 |   988 |  1010 |  1243 |  1067 |   406 ||  6116
         Punch             |     1 |     1 |     9 |    38 |    87 |   103 |   166 |   171 |    67 ||   643
         Maw               |       |       |       |   156 |   167 |       |       |       |       ||   323
         Falchion          |       |       |       |       |     7 |       |       |       |       ||     7
         Tailslap          |       |       |       |       |    71 |   171 |   133 |   192 |    27 ||   594
         Bite              |       |       |       |       |    55 |   125 |   112 |   141 |    31 ||   464
  Throw: Dart              |       |       |     2 |    19 |    10 |       |       |       |       ||    31
 Invoke: Berserk           |       |       |     1 |     9 |    13 |     1 |     4 |     3 |       ||    31
         Trog's Hand       |       |       |       |     2 |     2 |     6 |    10 |     1 |       ||    21
         Brothers in Arms  |       |       |       |       |       |       |     1 |       |       ||     1
Ability: Breathe Fire      |       |       |       |       |    33 |    48 |    22 |    13 |       ||   116
         Evoke Blink       |       |       |       |       |       |     1 |       |       |       ||     1
         Blinkbolt         |       |       |       |       |       |       |       |       |     7 ||     7
  Evoke: Wand              |       |       |       |     8 |    11 |     7 |     7 |    12 |       ||    45
         Lightning rod     |       |       |       |       |       |     8 |     1 |       |       ||     9
         Phantom mirror    |       |       |       |       |       |     1 |       |     1 |       ||     2
         Box of beasts     |       |       |       |       |       |       |     1 |       |       ||     1
    Use: Potion            |       |     1 |     2 |     1 |     3 |     1 |    10 |    13 |     3 ||    34
         Scroll            |       |     6 |     8 |     9 |    14 |     6 |     5 |     9 |       ||    57
   Stab: Sleeping          |       |     3 |     1 |     4 |    18 |    13 |    21 |     2 |       ||    62
         Distracted        |       |     1 |       |     2 |     4 |     6 |     1 |       |       ||    14
         Petrified         |       |       |       |       |     7 |       |       |       |       ||     7
         Petrifying        |       |       |       |       |     1 |       |       |       |       ||     1
 Armour: Robe              |    54 |   137 |   299 |   157 |       |    16 |   196 |   104 |       ||   963
         Skin              |       |       |       |   327 |   751 |   980 |   572 |   877 |   156 ||  3663
         Troll leather arm |       |       |       |       |     8 |       |       |       |       ||     8
  Dodge: Dodged            |    49 |    79 |   213 |   390 |   598 |   692 |   499 |   686 |   281 ||  3487
  Block: Other             |       |       |    38 |    47 |       |       |   149 |       |       ||   234
         Reflection        |       |       |     1 |       |       |       |    23 |       |       ||    24
   Form: Maw               |       |       |       |     2 |     2 |       |       |       |       ||     4
                           |       |       |       |     1 |     3 |     1 |       |     1 |       ||     6
         Dragon            |       |       |       |       |     3 |     2 |     1 |     3 |       ||     9
         Blade             |       |       |       |       |       |     1 |     1 |     1 |       ||     3
         Death             |       |       |       |       |       |       |       |     2 |       ||     2
         Storm             |       |       |       |       |       |       |       |       |     2 ||     2

Table legend: (Time is in decaauts)
 A = Elapsed time spent in this place.
 B = Non-inter-level travel time spent in this place.
 C = Inter-level travel time spent in this place.
 D = Time resting spent in this place.
 E = Time spent auto-exploring this place.
 F = Levels seen in this place.
 G = Mean time per level.
                   A        B        C        D        E       F      G
               +--------+--------+--------+--------+--------+-----+--------+
         Total |  66065 |  57131 |   8934 |   8738 |  30843 |  58 | 1139.1 |
       Dungeon |  16338 |  12883 |   3455 |   1084 |   8430 |  15 | 1089.2 |
        Temple |      9 |      4 |      5 |      0 |      0 |   1 |    9.0 |
          Lair |   6932 |   6037 |    895 |    867 |   3343 |   5 | 1386.4 |
        Shoals |   5481 |   4991 |    490 |    992 |   2383 |   4 | 1370.2 |
   Spider Nest |   4475 |   4178 |    297 |    428 |   2603 |   4 | 1118.8 |
    Slime Pits |   1545 |   1273 |    272 |    353 |    273 |   5 |  309.0 |
  Orcish Mines |   2430 |   2008 |    422 |    147 |    973 |   2 | 1215.0 |
   Elven Halls |   3845 |   3389 |    456 |    650 |   1856 |   3 | 1281.7 |
        Vaults |   9254 |   7937 |   1317 |   1472 |   4246 |   5 | 1850.8 |
        Depths |   5109 |   4510 |    599 |    764 |   2539 |   4 | 1277.2 |
           Zot |   7987 |   7265 |    722 |   1520 |   3723 |   5 | 1597.4 |
         Abyss |    610 |    610 |      0 |     36 |     12 |   2 |  305.0 |
       Ossuary |    300 |    300 |      0 |     83 |      0 |   1 |  300.0 |
        Bailey |   1107 |   1107 |      0 |    234 |    300 |   1 | 1107.0 |
      Gauntlet |    634 |    634 |      0 |    103 |    161 |   1 |  634.0 |
               +--------+--------+--------+--------+--------+-----+--------+

Top non-repeatable levels by time:
   Zot:2: 2503 daAuts
Vaults:2: 2303 daAuts
  Lair:4: 1963 daAuts
Vaults:1: 1932 daAuts
Vaults:3: 1816 daAuts
   Zot:3: 1710 daAuts
Vaults:5: 1691 daAuts
    D:10: 1687 daAuts
   Elf:3: 1625 daAuts
Depths:3: 1609 daAuts
     D:9: 1557 daAuts
   Zot:5: 1550 daAuts
Shoals:1: 1538 daAuts
Vaults:4: 1509 daAuts
Depths:4: 1503 daAuts
